Map: Automaton LE

Players

playezvibe

  • Race: Zerg Zerg
  • League: Silver
  • Spawn Location: 9:00

Jonseun - Winner!

  • Race: Terran Terran
  • League: Silver
  • Spawn Location: 3:00

VOD

Have the link to the VOD?

Description

Time

  • Played on: May 18, 2019, 7:34 a.m.
  • Length: 26:57
Show
View Real Time Build Order
Export as new Build Order

playezvibe Zerg 

Build Orders: Pool First 

Get SALT Encoding   

  12  0:05  Drone  
  13  0:13  Overlord  
  13  0:29  Drone  
  13  0:32  Drone  
  13  0:33  Drone  
  16  0:40  Extractor  
  15  0:55  Drone  
  15  0:56  Drone  
  17  1:03  Spawning Pool  
  16  1:15  Drone  
  16  1:16  Drone  
  18  1:37  Drone x2  
  20  1:51  Overlord  
  20  1:52  Hatchery  
  19  2:12  Metabolic Boost  
  19  2:15  Queen  
  21  2:19  Zergling x2  
  21  2:20  Zergling x4  
  24  2:37  Drone  
  25  2:44  Roach Warren  
  24  3:16  Zergling x2  
  24  3:17  Zergling x4  
  27  3:31  Drone x3  
  29  4:02  Drone  
  30  4:03  Drone  
  31  4:14  Drone x2  
  31  4:15  Drone x3  
  36  4:21  Overlord x2  
  36  4:41  Pneumatized Carapace  
  36  5:00  Roach  
  36  5:01  Roach x3  
  36  5:06  Overlord x3  
  44  5:24  Queen  
  46  5:29  Drone x2  
  48  5:39  Lair  
  48  5:55  Drone x2  
  48  5:56  Drone x2  
  52  5:59  Queen  
  52  6:02  Drone x3  
  57  6:13  Baneling Nest  
  56  6:31  Hatchery  
  55  6:34  Evolution Chamber  
  55  6:35  Queen  
  55  6:38  Evolution Chamber  
  55  7:00  Infestation Pit  
  54  7:03  Roach x2  
  54  7:04  Roach  
  60  7:11  Queen  
  62  7:18  Extractor  
  61  7:27  Queen  
  63  7:30  Roach x2  
  63  7:32  Overlord  
  67  7:46  Queen  
  69  7:55  Roach  
  69  7:56  Roach x2  
  75  8:02  Drone x2  
  75  8:05  Queen  
  79  8:11  Hive  
  79  8:14  Roach  
  81  8:20  Zerg Missile Weapons Level 1  
  81  8:22  Zerg Ground Armor Level 1  
  81  8:30  Overlord x2  
  81  8:31  Overlord  
  81  8:47  Drone  
  81  8:48  Queen  
  82  8:49  Overlord  
  82  8:50  Overlord  
  84  8:55  Lair  
  84  9:23  Spore Crawler, Queen  
  85  9:37  Roach x3  
  91  9:41  Drone x3  
  91  9:42  Drone x3  
  97  9:49  Roach x3  
  103  9:59  Queen  
  105  10:07  Drone  
  105  10:08  Drone  
  105  10:13  Roach x3  
  113  10:18  Overlord x2  
  113  10:36  Queen  
  115  10:51  Drone x3  
  115  10:52  Drone x2  
  120  10:58  Overlord  
  120  10:59  Overlord x2  
  120  11:04  Roach  
  122  11:16  Queen  
  124  11:22  Roach x3  
  130  11:26  Zerg Missile Weapons Level 2  
  130  11:28  Zerg Ground Armor Level 2  
  130  11:31  Hive  
  130  11:43  Extractor  
  129  11:49  Extractor  
  129  11:52  Queen, Extractor  
  129  11:57  Extractor  
  128  12:03  Tunneling Claws  
  128  12:28  Queen  
  130  12:31  Overlord  
  130  12:32  Overlord x2  
  130  13:01  Drone x2  
  132  13:23  Spire  
  132  13:25  Roach  
  132  13:26  Overlord x2  
  135  13:36  Queen  
  135  13:38  Roach x3  
  143  13:44  Roach x2  
  143  13:45  Roach x4  
  148  14:15  Extractor  
  145  14:29  Ravager x4  
  145  14:30  Ravager x3  
  152  14:36  Roach x3  
  158  14:51  Overlord x3  
  158  15:05  Roach x2  
  162  15:24  Roach x2  
  166  15:30  Zergling x4, Roach  
  166  15:31  Zergling x6  
  173  15:38  Roach  
  173  15:39  Roach x2  
  179  15:46  Roach  
  179  15:47  Roach x2  
  185  16:02  Hydralisk Den  
  184  16:04  Mutalisk  
  165  16:50  Queen  
  167  17:04  Zerg Flyer Weapons Level 1  
  167  17:16  Mutalisk x2  
  167  17:17  Mutalisk x3  
  177  17:24  Overlord x3  
  177  17:46  Mutalisk x2  
  177  17:47  Mutalisk x4  
  177  17:48  Mutalisk x3  
  195  17:59  Roach  
  195  18:00  Mutalisk  
  199  18:16  Overlord x3  
  199  19:03  Zerg Missile Weapons Level 3  
  199  19:05  Zerg Ground Armor Level 3  
  163  19:50  Mutalisk x3  
  126  20:29  Mutalisk x5  
  136  20:38  Mutalisk x2  
  136  20:39  Mutalisk  
  142  20:45  Mutalisk x2  
  142  20:46  Mutalisk x4  
  154  20:57  Zerg Flyer Armor Level 1  
  154  21:34  Mutalisk x3  
  160  21:51  Roach  
  160  21:52  Roach x2  
  166  22:04  Roach x2  
  170  22:10  Mutalisk x3  
  176  22:16  Ravager x4  
  176  22:17  Ravager x2  
  182  22:26  Zerg Melee Weapons Level 1  
  182  22:36  Mutalisk x2  
  186  22:43  Roach x4  
  186  22:44  Roach x2  
  198  22:55  Baneling x2  
  198  23:26  Greater Spire  
  198  23:45  Overlord  
  198  23:46  Overlord x5  
  198  23:54  Queen  
  198  24:29  Queen  
  120  25:04  Corruptor  
  120  25:05  Corruptor x2, Queen  
  99  25:41  Queen  
Show
View Real Time Build Order
Export as new Build Order

Jonseun Terran - Winner!

Build Orders:  

Get SALT Encoding   

  12  0:03  SCV  
  13  0:15  SCV  
  14  0:23  Supply Depot  
  14  0:30  SCV  
  14  0:33  Refinery  
  15  0:44  SCV  
  16  0:51  Barracks  
  16  1:04  Supply Depot  
  16  1:05  SCV  
  17  1:18  SCV  
  18  1:23  Refinery  
  18  1:40  Reaper  
  18  1:46  Barracks  
  19  1:47  SCV  
  20  1:59  SCV  
  21  2:12  SCV, Marine  
  23  2:24  SCV  
  24  2:30  Marine  
  24  2:35  Barracks Tech Lab  
  24  2:36  SCV  
  26  2:43  Factory  
  26  2:48  SCV, Marine  
  28  3:17  Combat Shield  
  28  3:18  Marine  
  28  3:19  Marine  
  30  3:29  Engineering Bay  
  30  3:36  Factory Tech Lab, Supply Depot  
  30  3:38  Marine  
  30  3:39  Supply Depot  
  31  3:57  Marine  
  31  3:58  Siege Tank, Sensor Tower  
  31  4:01  SCV  
  36  4:14  Orbital Command  
  36  4:32  Bunker  
  36  4:39  Supply Depot  
  36  4:47  Stimpack  
  36  5:08  Missile Turret  
  36  5:10  Marine  
  40  5:21  Siege Tank  
  40  5:23  Starport  
  40  5:26  Marine  
  41  5:29  Barracks Reactor  
  41  5:31  Missile Turret  
  41  5:52  SCV, Missile Turret  
  41  5:53  Siege Tank  
  45  6:08  Sensor Tower  
  45  6:22  Starport Tech Lab  
  45  6:38  Command Center  
  45  6:50  Armory  
  45  7:00  Marine, Bunker  
  45  7:01  Marine  
  47  7:03  Marine  
  48  7:10  Medivac  
  50  7:18  Starport  
  50  7:24  Barracks  
  50  7:34  Supply Depot  
  50  7:41  Missile Turret  
  50  7:45  Viking  
  52  7:55  Bunker  
  52  7:59  Starport Tech Lab  
  52  8:11  SCV, Supply Depot  
  53  8:23  Viking  
  55  9:03  Refinery  
  55  9:04  Sensor Tower  
  55  9:11  Barracks  
  55  9:17  Missile Turret  
  55  9:26  Terran Ship Weapons Level 1  
  55  9:31  Armory  
  55  9:37  Missile Turret  
  55  9:45  Medivac  
  55  9:46  Medivac  
  55  9:49  Concussive Shells, Marauder  
  61  9:53  Terran Infantry Weapons Level 1  
  61  9:58  Missile Turret  
  61  9:59  Barracks  
  61  10:20  Marine x2, Marauder  
  61  10:21  Barracks Reactor  
  65  10:31  Barracks Reactor  
  65  10:37  SCV  
  66  10:43  Marauder  
  66  10:44  Marine x2  
  66  10:49  SCV  
  71  10:52  Medivac  
  73  11:02  Marine  
  74  11:04  Marauder  
  76  11:15  Marine  
  76  11:16  Marine x2  
  79  11:19  Marine  
  79  11:21  Barracks Reactor  
  80  11:30  Missile Turret  
  80  11:33  Marine  
  80  11:34  Marine x2  
  83  11:47  Hi-Sec Auto Tracking  
  83  11:49  Marine  
  83  11:50  Marine  
  85  12:07  Marine  
  86  12:13  Engineering Bay  
  86  12:19  Supply Depot  
  86  12:38  Orbital Command  
  86  12:41  Marine  
  87  12:44  Supply Depot  
  87  12:50  Missile Turret  
  87  12:55  Terran Infantry Weapons Level 2  
  87  12:57  Terran Infantry Armor Level 1  
  87  13:07  Supply Depot  
  87  13:16  Missile Turret  
  87  13:23  Marine x2  
  87  13:24  Marine x2  
  87  13:27  Marauder  
  93  13:30  Supply Depot  
  93  13:35  SCV  
  94  13:47  SCV  
  94  13:48  Marauder  
  90  14:09  Marauder  
  77  14:37  Fusion Core  
  77  14:51  SCV  
  77  14:52  Refinery  
  78  14:57  Command Center  
  78  15:02  Command Center  
  78  15:03  SCV  
  79  15:12  Starport  
  79  15:18  Terran Ship Weapons Level 2  
  79  15:36  Siege Tank  
  79  15:41  Missile Turret  
  82  15:50  Starport  
  81  16:03  Missile Turret  
  81  16:07  Starport Tech Lab  
  81  16:13  Battlecruiser x2  
  81  16:15  Weapon Refit  
  91  16:28  Starport  
  89  16:34  Marine x2  
  89  16:36  Marauder  
  89  16:38  Marine x2  
  95  16:41  Marine  
  96  16:52  Marine  
  97  16:57  SCV, Marauder  
  97  16:58  Refinery  
  97  17:00  Starport Tech Lab  
  100  17:04  Battlecruiser  
  106  17:09  SCV  
  107  17:25  SCV  
  108  17:33  Siege Tank  
  111  17:37  SCV  
  111  17:38  Terran Ship Weapons Level 3  
  111  17:39  Terran Vehicle And Ship Armor Level 1  
  111  17:43  Starport Tech Lab  
  112  17:44  Battlecruiser  
  118  18:05  Command Center  
  118  18:13  Refinery  
  118  18:34  Sensor Tower  
  113  18:51  Battlecruiser  
  113  18:54  Missile Turret  
  113  19:02  Marine x3  
  116  19:14  Starport  
  116  19:23  Sensor Tower  
  115  19:34  Missile Turret  
  114  20:02  Missile Turret  
  114  20:34  SCV  
  115  20:46  SCV  
  116  20:56  Bunker  
  116  21:03  Marine x2  
  118  21:10  Marine x2  
  118  21:11  Battlecruiser  
  126  21:13  Supply Depot  
  126  21:17  Terran Vehicle And Ship Armor Level 2  
  126  21:20  Battlecruiser  
  132  21:28  Missile Turret  
  132  21:36  Supply Depot  
  132  21:44  Barracks  
  132  21:58  Supply Depot  
  132  22:00  Command Center  
  132  22:21  Supply Depot  
  132  22:25  Refinery  
  132  22:33  Bunker  
  132  22:35  Barracks Tech Lab  
  132  22:49  Missile Turret  
  132  22:50  Supply Depot  
  132  23:04  Missile Turret  
  132  23:10  Missile Turret  
  132  23:15  Marine x2  
  134  23:38  SCV  
  135  23:47  Missile Turret  
  135  23:50  SCV  
  135  23:55  Missile Turret  
  136  24:02  Missile Turret, SCV  
  137  24:08  Supply Depot  
  137  24:14  SCV  
  138  24:24  Missile Turret  
  138  24:26  Refinery  
  138  24:27  SCV  
  129  25:10  Battlecruiser x2  
  129  25:11  Battlecruiser  
  147  25:35  Missile Turret, Supply Depot  
  147  25:56  Medivac  
  149  25:57  Medivac, Supply Depot  
Tags
 
Matchup
TvZ
Opening
Pool First
Spawn Locations
Cross Positions
Add a new tag
Caveats
  • Supply blocks, unpowered buildings, or Contaminate may cause inaccurate times.
  • Supply counts are checked every 10 seconds.